 Dungeon Crawl Stone Soup version 0.19.4-12-gccf7e64 (console) character file.

40427 Grinner the Grappler (level 13, -1/120 HPs)
             Began as a Troll Fighter on Feb 27, 2017.
             Was an Elder of Jiyva.
             Slain by a stone giant (19 damage)
             ... in a volcano.
             The game lasted 01:10:32 (14920 turns).

Grinner the Grappler (Troll Fighter)               Turns: 14920, Time: 01:10:33

Health: -1/120     AC: 14    Str: 27    XL:     13   Next: 74%
Magic:  13/15      EV: 10    Int:  8    God:    Jiyva [****..]
Gold:   788        SH: 11    Dex: 13    Spells: 3 memorised, 6 levels left

rFire  + + .     SeeInvis .       - Unarmed
rCold  . . .     Gourm    +     N - +2 robe {rF+}
rNeg   . . .     Faith    .     b - +0 shield
rPois  .         Spirit   .     w - +2 hat
rElec  .         Reflect  .     (no cloak)
rCorr  +         Harm     .     (gloves unavailable)
MR     .....                    (boots unavailable)
Stlth  +.........               (no amulet)
                                x - +3 ring of protection
                                m - +4 ring of strength

@: confusing touch (expiring), very slightly contaminated
A: unfitting armour, claws 3, molten scales 1, fire resistance 1, fast
metabolism 3, gourmand, mutation resistance 1, regeneration 1, shaggy fur 1,
tough skin 2, wild magic 1, jelly absorbing missiles
a: Request Jelly, Slimify, Renounce Religion


You were in a volcano.
You worshipped Jiyva.
Jiyva was greatly pleased with you.
You were not hungry.

You visited 3 branches of the dungeon, and saw 17 of its levels.
You also visited: Sewer and Volcano.

You collected 843 gold pieces.
You spent 55 gold pieces at shops.

Inventory:

Hand Weapons
 J - a +5 scimitar of flaming
Armour
 b - a +0 shield (worn)
 w - a +2 hat (worn)
 G - a +2 robe of cold resistance
 N - a +2 robe of fire resistance (worn)
Jewellery
 e - an uncursed ring of ice
 m - a +4 ring of strength (left claw)
 r - an uncursed ring of positive energy
 x - a +3 ring of protection (right claw)
 E - an uncursed ring of flight
 W - the ring of Udwept Must {rN++ Dex+2}
   (You found it on level 5 of the Lair of Beasts)

   [ring of dexterity]

   It affects your dexterity (+2).
   It greatly protects you from negative energy.
Wands
 c - a wand of disintegration (0/24)
 A - a wand of slowing (25/48)
 B - a wand of iceblast (7/15)
 L - a wand of iceblast (7/15)
 R - a wand of lightning (7/15)
Scrolls
 g - 10 scrolls of identify
 h - 2 scrolls of fog
 i - 2 scrolls of blinking
 p - 8 scrolls of teleportation
 q - 3 scrolls of enchant weapon
 s - 6 scrolls of immolation
 y - 3 scrolls of remove curse
 C - 3 scrolls of recharging
 I - 4 scrolls of amnesia
Potions
 t - 2 potions of cancellation
 u - 2 potions of haste
 z - a potion of ambrosia
 F - a potion of flight
 M - 2 potions of lignification
 U - 2 potions of brilliance
Books
 o - a book of Dreams

   Spells                             Type                      Level
   a - Ensorcelled Hibernation        Hexes/Ice                    2
   b - Silence                        Hexes/Air                    5
   c - Darkness                       Hexes                        6
   d - Shadow Creatures               Summoning                    6
 O - a book of Clouds

   Spells                             Type                      Level
   a - Mephitic Cloud                 Conjuration/Poison/Air       3
   b - Conjure Flame                  Conjuration/Fire             3
   c - Poisonous Cloud                Conjuration/Poison/Air       6
   d - Freezing Cloud                 Conjuration/Ice/Air          6
   e - Ring of Flames                 Charms/Fire                  7
 X - a book of Misfortune

   Spells                             Type                      Level
   a - Confusing Touch                Hexes                        1
   b - Confuse                        Hexes                        3
   c - Gell's Gravitas                Hexes/Translocation          3
   d - Petrify                        Transmutation/Earth          4
   e - Metabolic Englaciation         Hexes/Ice                    5
   f - Yara's Violent Unravelling     Hexes/Transmutation          5
Comestibles
 a - 7 royal jellies
 d - 7 bread rations
 f - 4 fruits
 j - 7 meat rations
 n - 3 slices of pizza
 D - 5 beef jerkies


   Skills:
 + Level 5.7(2.8) Fighting
 + Level 3.7(1.8) Long Blades
 + Level 5.1(2.5) Armour
 + Level 5.9(2.9) Dodging
 - Level 10.9(6.9) Shields
 + Level 13.0(9.0) Unarmed Combat
 - Level 2.4(1.2) Spellcasting
 - Level 2.7(1.3) Conjurations
 * Level 4.0(2.0) Hexes
 - Level 2.9(1.4) Ice Magic
 - Level 2.3(1.1) Air Magic
 - Level 2.7(1.3) Poison Magic


You had 6 spell levels left.
You knew the following spells:

 Your Spells              Type           Power        Failure   Level  Hunger
a - Freezing Cloud        Conj/Ice/Air   #.........   100%        6    #######
c - Mephitic Cloud        Conj/Pois/Air  #.......     94%         3    ####...
x - Confusing Touch       Hex            #.....       38%         1    ##.....


Dungeon Overview and Level Annotations

Branches:
Dungeon (10/15)            Temple (0/1) D:4            Lair (6/6) D:9
 Shoals (0/4) Lair:4       Spider (0/4) Lair:3        Slime (0/5) Lair:6
    Orc (1/2) D:10

Altars:
Ashenzari
Dithmenos
Elyvilon
Fedhas
Gozag
Qazlal
Ru
Vehumet
Xom
Yredelemnul
Zin
Jiyva

Shops:
D:8 !   D:10 !   Orc:1 %

Annotations:
D:10 exclusion: ice statue


Innate Abilities, Weirdness & Mutations

You are too large for most types of armour.
You have claws for hands.
Your metabolism is lightning-fast.
You like to eat raw meat.
Your natural rate of healing is unusually fast.
You are covered in fur. (AC +1)
You have very tough skin. (AC +2)
You are partially covered in molten scales. (AC +2)
Your flesh is heat resistant. (rF+)
You are somewhat resistant to further mutation.
Your spells are a little harder to cast, but a little more powerful.
You have a small jelly attached to you that may absorb incoming projectiles.


Message History

Confirm with . or Enter, or press ? or * to list all spells.
You miscast Confusing Touch.
You are very lightly contaminated with residual magic.
You feel a bit tired.
Casting: Confusing Touch
Confirm with . or Enter, or press ? or * to list all spells.
Your claws begin to glow red.
The stone giant seems less confused.
You scratch the stone giant but do no damage.
The stone giant is moderately wounded.
The stone giant hits you but does no damage.
You scratch the stone giant but do no damage.
The stone giant is moderately wounded.
You scratch the stone giant but do no damage.
The stone giant is moderately wounded.
The stone giant hits you!!
* * * LOW HITPOINT WARNING * * *
You scratch the stone giant but do no damage.
The stone giant is moderately wounded.
The stone giant hits you!!
You die...

§≈§≈≈§ ..≈≈≈§§§ ########
#.≈§§≈≈§≈ '.....+ #..≈≈≈§§≈ .8_8.
#.§≈≈≈≈§≈ ..) #..§≈≈§§§ #E#
###..§§§≈≈§ #C# ..#§≈§§§§§≈ #@#
#.§≈≈≈≈≈§ #.# #.§§§≈..≈ #.#
#..§§.§≈§ ≈ #.# #§§§§≈≈≈§ § #.#
#..§≈§≈§≈ §§§
######+########.≈≈≈≈≈≈≈
§§§≈§§§.......§.§.......§§.≈§§§≈§
≈§§§§§≈≈.≈≈.§.§≈§§.≈≈.≈.≈§§≈§§§≈≈
§§§§§≈≈≈§§§§§≈≈≈§§§§≈≈≈≈≈§§§§§§≈§


You could see a stone giant and an earth elemental.

Vanquished Creatures
  Kirke (Lair:5)
  Nessos (Lair:5)
  The ghost of Foxy the Severer, a journeyman HOFi of Makhleb (Lair:1)
  Fannar (D:10)
  4 hydras
  Erolcha (D:10)
  Erica (D:8)
  2 death yaks (Lair:6)
  An unseen horror (D:10)
  Pikel (D:6)
  A wolf spider (Lair:3)
  3 elephants
  2 sirens (Lair:4)
  3 black mambas
  Psyche (D:8)
  9 spiny frogs
  7 komodo dragons
  7 rime drakes
  An efreet (Volcano)
  A queen bee (D:9)
  A troll (D:10)
  A hornet (D:10)
  A wind drake (Lair:6)
  2 merfolk (Lair:4)
  Grinder (D:6)
  3 dream sheep (Lair:6)
  7 hippogriffs
  4 polar bears
  6 blink frogs
  Eustachio (D:6)
  12 yaks
  A wyvern (Lair:6)
  5 basilisks
  2 hogs (Lair:5)
  4 fire bats
  2 fire elementals (Volcano)
  3 vampire mosquitoes (D:9)
  13 water moccasins
  17 porcupines
  2 sky beasts
  2 black bears
  2 orc warriors
  A slave (D:6)
  2 phantoms
  An ice beast (D:9)
  An ogre (D:9)
  21 wolves
  11 centaurs
  14 crocodiles
  16 bullfrogs
  A big kobold (D:8)
  5 scorpions
  25 killer bees
  3 wights (D:9)
  A howler monkey (D:5)
  11 crimson imps
  3 lava snakes (Volcano)
  4 orc priests
  10 hounds
  3 jellies
  8 orc wizards
  A bullfrog skeleton (D:5)
  3 iguanas
  5 worker ants
  A hound skeleton (D:7)
  2 worker ant zombies
  3 gnolls (D:9)
  A howler monkey skeleton (D:5)
  5 adders
  6 river rats
  3 shadow imps
  3 white imps (D:9)
  3 oozes
  An adder skeleton (D:5)
  5 worms
  5 leopard geckos
  8 orcs
  6 giant cockroaches
  5 goblins
  3 hobgoblins
  11 jackals
  10 kobolds
  2 quokkas
  3 ball pythons
  A ball python skeleton (D:4)
  11 bats
  18 frilled lizards
  A jackal skeleton (D:5)
  A leopard gecko skeleton (D:5)
  A quokka skeleton (D:4)
  13 rats
  A plant (D:9)
424 creatures vanquished.

Vanquished Creatures (others)
  2 orc warriors (D:10)
  A sky beast (D:10)
  21 jellies
  3 orc wizards
  An iguana (D:10)
  5 ufetubi (D:10)
  An adder skeleton (D:10)
  An orc (D:10)
  4 fungi (Lair:6)
  15 plants
54 creatures vanquished.

Grand Total: 478 creatures vanquished

Notes
Turn   | Place    | Note
-------+----------+-------------------------------------------
     0 | D:1      | Grinner the Troll Fighter began the quest for the Orb.
     0 | D:1      | Reached XP level 1. HP: 22/22 MP: 0/0
   239 | D:1      | Reached XP level 2. HP: 27/29 MP: 1/1
   504 | D:2      | Found a blossoming altar of Fedhas.
   642 | D:2      | Reached XP level 3. HP: 36/36 MP: 2/2
   865 | D:2      | Reached skill level 3 in Unarmed Combat
  1084 | D:2      | Found a glowing silver altar of Zin.
  1150 | D:3      | Found a white marble altar of Elyvilon.
  1265 | D:3      | Reached XP level 4. HP: 44/44 MP: 3/3
  1458 | D:3      | Found a glowing drain.
  1462 | Sewer    | Entered a sewer
  2040 | D:3      | Reached XP level 5. HP: 42/50 MP: 4/4
  2116 | D:3      | Found a basalt altar of Yredelemnul.
  2325 | D:4      | Noticed a phantom
  2345 | D:4      | Killed a phantom
  2345 | D:4      | Reached skill level 4 in Unarmed Combat
  2450 | D:4      | Reached XP level 6. HP: 58/59 MP: 5/5
  2655 | D:4      | Reached skill level 5 in Shields
  2719 | D:4      | Found a staircase to the Ecumenical Temple.
  2773 | D:4      | Found a shattered altar of Ashenzari.
  2875 | D:4      | Became a worshipper of Ashenzari the Shackled
  3021 | D:5      | Entered Level 5 of the Dungeon
  3158 | D:5      | Reached skill level 5 in Unarmed Combat
  3158 | D:5      | Reached XP level 7. HP: 23/66 MP: 6/6
  3523 | D:5      | Reached XP level 8. HP: 74/74 MP: 7/7
  3621 | D:5      | Found a radiant altar of Vehumet.
  3626 | D:5      | Found a sacrificial altar of Ru.
  3629 | D:5      | Found a stormy altar of Qazlal.
  3643 | D:5      | Found a shimmering altar of Xom.
  3843 | D:5      | Reached skill level 6 in Unarmed Combat
  4161 | D:6      | Noticed Eustachio
  4169 | D:6      | Killed Eustachio
  4171 | D:6      | Noticed Grinder
  4177 | D:6      | Noticed Pikel
  4179 | D:6      | Gained mutation: You are resistant to hostile enchantments. (MR+) [potion of mutation]
  4179 | D:6      | Gained mutation: Your flesh is heat resistant. (rF+) [potion of mutation]
  4179 | D:6      | Gained mutation: Your spells are a little harder to cast, but a little more powerful. [potion of mutation]
  4191 | D:6      | Killed Pikel
  4191 | D:6      | Reached skill level 7 in Unarmed Combat
  4191 | D:6      | Reached XP level 9. HP: 78/80 MP: 8/8
  4192 | D:6      | Killed Grinder
  4874 | D:7      | Reached skill level 8 in Unarmed Combat
  5101 | D:7      | Found an opulent altar of Gozag.
  5105 | D:7      | Gained mutation: You are somewhat resistant to further mutation. [potion of mutation]
  5237 | D:8      | Noticed Erica
  5252 | D:8      | Killed Erica
  5252 | D:8      | Reached skill level 10 in Shields
  5252 | D:8      | Reached XP level 10. HP: 88/88 MP: 9/9
  5276 | D:8      | Reached * piety under Ashenzari
  5423 | D:8      | Reached skill level 9 in Unarmed Combat
  5540 | D:8      | Found Qeupt's Distillery.
  5543 | D:8      | Bought a potion of heal wounds for 55 gold pieces
  5571 | D:8      | Gained mutation: You are partially covered in molten scales. (AC +2) [mutagenic meat]
  5628 | D:8      | Noticed Psyche
  5640 | D:8      | Killed Psyche
  6056 | D:9      | Reached skill level 10 in Unarmed Combat
  6110 | D:9      | Found a staircase to the Lair.
  6677 | D:9      | Found a shadowy altar of Dithmenos.
  6816 | D:9      | Reached skill level 11 in Unarmed Combat
  7130 | Lair:1   | Entered Level 1 of the Lair of Beasts
  7135 | Lair:1   | Noticed a spiny frog
  7141 | Lair:1   | Reached ** piety under Ashenzari
  7188 | Lair:1   | Reached XP level 11. HP: 95/96 MP: 10/10
  7233 | Lair:1   | Reached skill level 1 in Armour
  7343 | Lair:1   | Noticed Foxy's ghost (journeyman HOFi)
  7403 | Lair:1   | Killed Foxy's ghost
  7503 | Lair:1   | Learned a level 3 spell: Mephitic Cloud
  7521 | Lair:1   | Learned a level 6 spell: Freezing Cloud
  8045 | Lair:2   | Reached skill level 1 in Ice Magic
  8045 | Lair:2   | Reached skill level 1 in Poison Magic
  8101 | Lair:2   | Reached skill level 1 in Air Magic
  8263 | Lair:2   | Reached skill level 12 in Unarmed Combat
  8263 | Lair:2   | Reached skill level 1 in Conjurations
  8268 | Lair:2   | Reached skill level 1 in Spellcasting
  8297 | Lair:2   | Reached *** piety under Ashenzari
  8582 | Lair:3   | Noticed an eight-headed hydra
  8789 | Lair:3   | Noticed a wolf spider
  8806 | Lair:3   | Killed a wolf spider
  9131 | Lair:2   | Killed a one-headed hydra
  9131 | Lair:2   | Reached XP level 12. HP: 48/107 MP: 11/13
  9387 | Lair:3   | Noticed a seven-headed hydra
  9408 | Lair:2   | Killed a three-headed hydra
  9620 | Lair:3   | Found a hole to the Spider Nest.
  9721 | Lair:3   | Noticed a seven-headed hydra
  9728 | Lair:3   | Killed a four-headed hydra
  9728 | Lair:3   | Reached skill level 1 in Long Blades
  9834 | Lair:3   | Identified the +4 ring mail of Activism {+Blink Str+2 Slay-5}
 10282 | Lair:4   | Found a staircase to the Shoals.
 10851 | Lair:4   | Reached **** piety under Ashenzari
 11280 | Lair:5   | Identified the ring of Udwept Must {rN++ Dex+2}
 11302 | Lair:5   | Learned a level 1 spell: Confusing Touch
 11576 | Lair:5   | Noticed Nessos
 11578 | Lair:5   | Noticed a six-headed hydra
 11634 | Lair:5   | Killed a one-headed hydra
 11634 | Lair:5   | Reached skill level 1 in Hexes
 11942 | Lair:5   | Killed Nessos
 11968 | Lair:5   | Noticed Kirke
 12019 | Lair:5   | Killed Kirke
 12019 | Lair:5   | Reached XP level 13. HP: 80/117 MP: 10/15
 12093 | Lair:5   | Reached skill level 5 in Dodging
 12191 | Lair:6   | Entered Level 6 of the Lair of Beasts
 12268 | Lair:6   | Reached skill level 5 in Fighting
 13026 | Lair:6   | Found a viscous altar of Jiyva.
 13027 | Lair:6   | Found a staircase to the Slime Pits.
 13041 | Lair:6   | Fell from the grace of Ashenzari
 13041 | Lair:6   | Became a worshipper of Jiyva Jeec the Shapeless
 13148 | Lair:6   | Reached * piety under Jiyva
 13282 | Lair:5   | Reached ** piety under Jiyva
 13481 | D:10     | Entered Level 10 of the Dungeon
 13604 | D:10     | Noticed Fannar
 13621 | D:10     | Killed Fannar
 13693 | D:10     | Noticed Erolcha
 13705 | D:10     | Reached skill level 5 in Armour
 13707 | D:10     | Reached *** piety under Jiyva
 13737 | D:10     | Lost mutation: You are resistant to hostile enchantments. (MR+) [Jiyva's grace]
 13877 | D:10     | Killed Erolcha
 14041 | D:10     | Reached **** piety under Jiyva
 14041 | D:10     | Gained mutation: You have a small jelly attached to you that may absorb incoming projectiles. [Jiyva's grace]
 14074 | D:10     | Found a staircase to the Orcish Mines.
 14155 | D:10     | Found Umoetewn's Distillery.
 14541 | Orc:1    | Entered Level 1 of the Orcish Mines
 14559 | Orc:1    | Found Lidd's Food Boutique.
 14597 | Orc:1    | Found a dark tunnel.
 14612 | Volcano  | Entered a volcano
 14889 | Volcano  | Found a burning altar of Makhleb.
 14899 | Volcano  | Noticed a stone giant
 14912 | Volcano  | Reached skill level 13 in Unarmed Combat
 14920 | Volcano  | Slain by a stone giant

Skill      XL: |  1  2  3  4  5  6  7  8  9 10 11 12 13 |
---------------+----------------------------------------+-----
Shields        | 3 4 5 6 8 10 | 10.9
Unarmed Combat | 3 4 5 7 8 11 12 13 | 13.0
Armour         | 3 4 5 |  5.1
Fighting       | 4 5 |  5.7
Dodging        | 4 5 |  5.9
Ice Magic      | 2 |  2.9
Poison Magic   | 1 2 |  2.7
Air Magic      | 1 2 |  2.3
Conjurations   | 1 2 |  2.7
Spellcasting   | 1 2 |  2.4
Long Blades    | 2 3 |  3.7
Hexes          | 1 4 |  4.0

Action                   |  1- 3 |  4- 6 |  7- 9 | 10-12 | 13-15 || total
-------------------------+-------+-------+-------+-------+-------++-------
Melee: Unarmed           |   104 |   184 |   228 |   739 |   401 ||  1656
       Scimitar          |       |       |       |    29 |       ||    29
Throw: Tomahawk          |       |       |     6 |       |       ||     6
 Cast: Confusing Touch   |       |       |       |     7 |     8 ||    15
       Mephitic Cloud    |       |       |       |     4 |       ||     4
Invok: Curse Item        |       |     2 |       |     1 |       ||     3
       Request Jelly     |       |       |       |       |     1 ||     1
Evoke: Wand              |       |       |     5 |     9 |       ||    14
  Use: Potion            |       |     4 |     3 |    12 |     2 ||    21
       Scroll            |       |    10 |       |     4 |    12 ||    26
 Stab: Sleeping          |       |     1 |       |     2 |       ||     3
       Confused          |       |       |     1 |     6 |     8 ||    15
       Invisible         |       |       |       |     2 |       ||     2
  Eat: Chunk             |    15 |    19 |    17 |    69 |    20 ||   140
Armor: Robe              |    33 |    52 |    72 |   273 |   133 ||   563
Dodge: Dodged            |    32 |    58 |    69 |   284 |   134 ||   577
Block: Shield            |    33 |    82 |   118 |   528 |   193 ||   954
       Rpst.: Scimitar   |       |       |       |     2 |       ||     2
